← All builds
Geo sea / Armada / Economy first / OBSERVED BUILD

Standard geo sea

Standard Geo sea play: bot lab then shipyard in the cove, an early submarine and destroyer to contest the sea, geothermal around 7:40 to fund the later fleet transition.

Usually shipyard in the cove (87%)

#naval #eco · 725 distinct matches · 101 players · 80% of Armada Geo sea games · team won 54% of 774 · Recently observed

HOW TO PLAY IT

Key timing: Shipyard by 3:13

  1. Open 3 mex and wind into Bot Lab.
  2. Put up Shipyard with naval turret and BP for defense.
  3. Send out "submarine" then "destroyer" to contest the sea.
  4. Bring geothermal online to fund the fleet.
  5. Add Advanced Metal Extractor as the economy transitions.

Phase by phase

TYPICAL OF ITS 725 GAMES
  1. 1
  2. 2
  3. 3
  4. 4
PLAY THE OPENING

Follow the example game's first 6:00 step by step: what to build now, what comes next, and where it goes. At 1× it keeps pace with your own game.

  1. 1

    Up to the Bot Lab

    Economy
    • Metal Extractor3Mex
    • Wind Turbine3Wind
    Order
    1. Bot LabBot Lab after 3 mex, 3 winddone ~1:12, middle half 1:06–1:18

    Some games also: wind for allies (44%)

    By 0:55 in all: 3 mex · 3 wind

    The example game in this phase · 5 steps
    1. Mex ×3
    2. Wind
    3. Wind ×2for Air
    4. Wind
    5. Bot LabBot Labdone 1:11 · typical 1:12
  2. 2

    Bot Lab to Shipyard

    Economy
    • Metal Extractor1Mex
    • Wind Turbine1Wind
    Order
    1. ShipyardShipyard after 4 mex, 4 winddone ~3:11, middle half 2:50–3:36
    Builders
    • Construction Bot3 Con bot
    • Lazarus2 Lazarus

    Some games also: pawn (44%) · con turret (37%) · crossbow (34%)

    By 2:47 in all: 4 mex · 4 wind

    The example game in this phase · 6 steps
    1. LazarusLazarus ×3
    2. Construction BotCon bot ×4
    3. Mex
    4. LazarusLazarus
    5. Con turret
    6. ShipyardShipyarddone 3:24 · typical 3:11
  3. 3

    Shipyard to 5:00

    Economy
    • Metal Extractor4Mex
    • Wind Turbine1Wind
    Builders
    • Construction Ship1 Con ship
    Army
    • Dolphin3 Dolphin
    • Skater1 Skater
    • Corsair1 Destroyer
    Other
    • Radar Tower1 Radar Tower

    Some games also: Sentry (44%) · submarine (44%) · converter (32%) · con turret (31%) · pawn (31%)

    By 5:00 in all: 8 mex · 7 wind · 1 energy storage · 1 con turret

    The example game in this phase · 21 steps
    1. Mex
    2. Con turret
    3. Mex
    4. DolphinDolphin ×3
    5. Mex
    6. DolphinDolphin
    7. Mex
    8. Construction ShipCon ship
    9. Wind
    10. Radar TowerRadar Tower
    11. EelSubmarinedone 4:33 · typical 4:22
    12. Wind
    13. Radar TowerRadar Tower ×2
    14. Wind ×2
    15. SkaterSkater
    16. Mex
    17. NettleNettle
    18. Wind
    19. Grim ReaperGrim Reaper
    20. Wind ×3
    21. Mex
  4. 4

    5:00 to 10:00

    Economy
    • Metal Extractor2Mex
    • Wind Turbine12Wind
    • Energy Converter2Converter
    Builders
    • Construction Turret1 Con turret
    • Construction Ship1 Con ship
    • Grim Reaper1 Grim Reaper
    Army
    • Sentry1 Sentry
    • Dolphin5 Dolphin
    • Corsair2 Destroyer
    • Skater2 Skater

    Some games also: Radar Tower (49%) · frigate (40%) · geo (40%) · Harpoon (39%) · Naval Construction Turret (33%)

    By 10:00 in all: 11 mex · 19 wind · 1 geo · 4 converter · 1 energy storage · 2 con turret

    The example game in this phase · 125 steps
    1. DolphinDolphin
    2. Wind ×2
    3. DolphinDolphin
    4. Wind
    5. DolphinDolphin
    6. Wind
    7. DolphinDolphin
    8. Wind ×2
    9. DolphinDolphin
    10. Mex
    11. Wind
    12. DolphinDolphin
    13. Wind ×2
    14. DolphinDolphin
    15. Wind
    16. DolphinDolphin
    17. Wind
    18. Naval Radar / Sonar TowerNaval Radar / Sonar Tower
    19. Wind
    20. DolphinDolphin
    21. Wind
    22. DolphinDolphin
    23. Wind ×2
    24. DolphinDolphin
    25. Wind
    26. DolphinDolphin
    27. SkaterSkater
    28. Wind
    29. CorsairDestroyernot finished by 15:00 · typical 5:35
    30. Wind
    31. SkaterSkater
    32. Wind
    33. CorsairDestroyer
    34. Wind
    35. Metal storage
    36. Wind
    37. Con turret ×4
    38. Wind
    39. SkaterSkater
    40. Wind
    41. Naval Radar / Sonar TowerNaval Radar / Sonar Tower
    42. Wind
    43. Con turret
    44. Wind ×5
    45. Mex
    46. Wind
    47. Construction ShipCon ship
    48. Wind
    49. Advanced Metal ExtractorT2 mexdone 9:14
    50. Wind
    51. Energy storage
    52. Wind
    53. Advanced Metal ExtractorT2 mex
    54. Energy storage
    55. HarpoonHarpoon
    56. Wind ×4
    57. HarpoonHarpoon
    58. Wind ×4
    59. Naval Radar / Sonar TowerNaval Radar / Sonar Tower
    60. Wind ×2
    61. Advanced Metal ExtractorT2 mex
    62. Wind ×6
    63. Construction ShipCon ship
    64. Wind ×5
    65. Mex
    66. Wind ×5
    67. Naval Radar / Sonar TowerNaval Radar / Sonar Tower
    68. Wind ×2
    69. Seaplane PlatformSeaplane Platformdone 10:49
    70. Wind ×2
    71. Advanced Metal ExtractorT2 mex
    72. Wind ×2
    73. Mex
    74. Wind ×3
    75. TsunamiTsunami
    76. Wind ×4
    77. TsunamiTsunami
    78. Wind
    79. Con turret
    80. Naval Radar / Sonar TowerNaval Radar / Sonar Tower
    81. Wind ×2
    82. TsunamiTsunami
    83. Wind
    84. TsunamiTsunami
    85. Wind
    86. Con turret
    87. TsunamiTsunami
    88. Wind ×2
    89. TsunamiTsunami
    90. Wind
    91. Advanced Metal ExtractorT2 mex
    92. TsunamiTsunami
    93. Wind ×2
    94. TsunamiTsunami
    95. Wind
    96. Construction SeaplaneConstruction Seaplane
    97. Advanced ShipyardAdvanced Shipyarddone 12:55
    98. Wind ×2
    99. Con turret
    100. Advanced Metal ExtractorT2 mex
    101. Wind ×2
    102. Con turret
    103. Wind ×4
    104. Advanced Construction SubAdvanced Construction Sub
    105. Wind ×2
    106. Advanced Construction SubAdvanced Construction Sub
    107. Wind
    108. BeamerBeamer
    109. Advanced Geothermal PowerplantAdvanced Geothermal Powerplantnot finished by 15:00
    110. Advanced Construction SubAdvanced Construction Sub
    111. BeamerBeamer
    112. Naval Advanced Metal ExtractorNaval Advanced Metal Extractordone 14:00
    113. HavenHaven
    114. BeamerBeamer
    115. Con turret
    116. BeamerBeamer
    117. Naval Advanced Metal ExtractorNaval Advanced Metal Extractor
    118. BeamerBeamer ×2
    119. Con turret
    120. BeamerBeamer
    121. Advanced Fusion ReactorAdvanced Fusion Reactornot finished by 15:00
    122. BeamerBeamer
    123. Con turret
    124. Naval Advanced Metal ExtractorNaval Advanced Metal Extractor
    125. BeamerBeamer

Counts are medians over the build's games: half of them build more, half fewer. The example game is haaven's (47 OS, 27/09/2026); pick another.

Team trades

IN AT LEAST 30% OF ITS GAMES

You hand over

  • Wind Turbine2 Wind to Airfirst at 1:41 · in 62% of games

You get

  • Finch1 Finch from Airfirst at 1:51 · in 74% of games
  • Hercules1 Light transport from Airfirst at 2:05 · in 64% of games
  • Advanced Construction Bot1 T2 con bot from Techfirst at 7:42 · in 89% of games

How it plays out

Typical game of this build, running totals by minute

Metal produced

010k20k30k
0:005:0010:0015:00

metal

Enemy metal destroyed

05k10k
0:005:0010:0015:00

metal

Own metal lost

02.5k5k7.5k
0:005:0010:0015:00

metal

774 games.

Show as table
ByMetal produced: This buildEnemy metal destroyed: This buildOwn metal lost: This build
1:0039500
2:0092800
3:00160300
4:002926051
5:00414617574
6:005556541312
7:0071101004646
8:00877617711033
9:001067625461676
10:001295034962273
11:001569646933181
12:001869457953959
13:002186669634765
14:002559380765669
15:002907491356705
WHAT THE NUMBERS SAY

Standard Armada geo sea nearly matches Cortex's economy numbers but wins slightly more often at 53%.

  • + Metal produced reaches 28785 by 15:00, the highest of the sea builds
  • + Own metal lost of 6895 stays well under enemy metal destroyed's 9048
  • − Geothermal only lands in 58% of games by 7:34
  • − T2 factory completes in only 40% of games by 12:43
THE EXAMPLE YOU ARE READING

haaven

47.4 OS · 27/09/2026

Open source match ↗

4 received units · includes a constructor
905 metal received · 33762 energy received

Allied construction assistance is unknown. Timings are observations, not a promise of solo reproducibility.

Typical milestones

Bot Lab1:12Middle 50%: 1:06–1:18 · n=742
Shipyard3:11Middle 50%: 2:50–3:36 · n=763
Eel4:22Middle 50%: 3:41–5:34 · n=461
Corsair5:35Middle 50%: 4:50–6:34 · n=716
Geothermal Powerplant7:45Middle 50%: 6:48–9:11 · n=471
Advanced Metal Extractor9:18Middle 50%: 8:37–10:07 · n=676

Played most by

Optimusprimenutt52games of this buildKingBenjai49games of this build_X_48games of this buildhaaven42games of this buildHummell33games of this build